 Dungeon Crawl Stone Soup version 0.30-a0-629-gd54f4be4f7 (webtiles) character file.

Game seed: 402271520945821981

2625 pokeman the Thaumaturge (level 9, -5/49 HPs)
             Began as a Deep Elf Hedge Wizard on Jan 12, 2023.
             Slain by a gnoll bouda
             ... wielding a +0 whip
              (6 damage)
             ... on level 6 of the Dungeon.
             The game lasted 00:14:59 (7218 turns).

pokeman the Thaumaturge (Deep Elf Hedge Wizard)     Turns: 7218, Time: 00:14:59

Health: -5/49      AC:  5    Str:  7    XL:     9   Next: 34%
Magic:  4/26       EV: 14    Int: 24    God:
Gold:   425        SH:  0    Dex: 14    Spells: 19/30 levels left

rFire   . . .      SeeInvis .    x - +3 scythe (flame)
rCold   + . .      Faith    .    (shield currently unavailable)
rNeg    . . .      Spirit   .    b - +0 robe
rPois   .          Reflect  .    z - +0 helmet
rElec   .          Harm     .    (no cloak)
rCorr   .          Rampage  .    (no gloves)
Will    .....                    c - +1 pair of boots
Stlth   ++                       G - amulet of magic regeneration
HPRegen 0.28/turn                m - ring of protection from cold
MPRegen 0.60/turn                I - ring of wizardry

@: lethally poisoned (-5 -> -23)
A: no striking features
a: no special abilities


You were on level 6 of the Dungeon.
You visited 1 branch of the dungeon, and saw 6 of its levels.

You collected 425 gold pieces.

Inventory:

Hand Weapons
 a - a +2 heavy sling
 x - a +3 scythe of flaming (weapon)
Missiles
 A - 3 curare-tipped darts
Armour
 b - a +0 robe (worn)
 c - a +1 pair of boots (worn)
 n - a +0 pair of boots
 p - a +0 buckler
 r - the +9 ring mail "Exzyib" {Str+4}
   (You found it on level 2 of the Dungeon)

   Str:       It affects your strength (+4).
 z - a +0 helmet (worn)
Magical Staves
 J - a staff of death
Jewellery
 m - a ring of protection from cold (left hand)
 u - an amulet of the acrobat
 G - an amulet of magic regeneration (around neck)
 I - a ring of wizardry (right hand)
 M - a +5 ring of evasion
Wands
 E - a wand of roots (10)
 H - a wand of flame (38)
Scrolls
 f - a scroll of enchant weapon {unknown}
 g - 8 scrolls of identify {unknown}
 h - a scroll of poison {unknown}
 i - a scroll of summoning {unknown}
 j - a scroll of acquirement {unknown}
 l - a scroll of torment {unknown}
 q - a scroll of vulnerability {unknown}
 v - 3 scrolls of amnesia {unknown}
 y - 2 scrolls of teleportation {unknown}
 C - a scroll of blinking {unknown}
 F - 2 scrolls of noise {unknown}
 K - a scroll of fear {unknown}
Potions
 d - a potion of magic
 e - 8 potions of curing
 k - a potion of heal wounds {unknown}
 o - a potion of brilliance {unknown}
 s - a potion of resistance {unknown}
 t - 3 potions of mutation {unknown}
 w - a potion of cancellation {unknown}
 B - a potion of flight {unknown}
 D - a potion of attraction {unknown}
 L - a potion of ambrosia {unknown}


   Skills:
 + Level 2.6 Fighting
 - Level 2.0 Armour
 - Level 5.0 Dodging
 - Level 3.0 Stealth
 - Level 3.0 Shields
 * Level 11.3 Spellcasting
 + Level 6.2 Conjurations
 - Level 2.0 Summonings
 + Level 2.2 Necromancy
 - Level 1.1 Translocations
 - Level 1.1 Air Magic
 - Level 1.0 Earth Magic
 - Level 1.0 Poison Magic
 - Level 1.0 Evocations


You had 19 spell levels left.
You knew the following spells:

 Your Spells              Type           Power      Damage    Failure   Level
a - Magic Dart            Conj           100%       1d8       1%          1
b - Mephitic Cloud        Conj/Pois/Air  27%        N/A       1%          3
c - Call Imp              Summ           23%        N/A       1%          2
d - Blink                 Tloc           36%        N/A       1%          2
e - Stone Arrow           Conj/Erth      62%        3d10      1%          3

Your spell library contained the following spells:

 Spells                   Type           Power      Damage    Failure   Level
 Slow                     Hex            52%        N/A       1%          1
 Cigotuvi's Dreadful Rot  Necr/Pois/Air  40%        N/A       1%          2
 Animate Armour           Summ/Erth      42%        N/A       10%         4
 Lehudib's Crystal Spear  Conj/Erth      15%        10d5      100%        8


Dungeon Overview and Level Annotations

Branches:
Dungeon (6/15)
 Temple: D:4-7

Altars:
Cheibriados
Gozag
Qazlal
The Shining One


Message History

The water moccasin is almost dead.
You feel very sick. The gnoll bouda misses you. The water moccasin bites you.
* * * LOW HITPOINT WARNING * * *
You are more poisoned.
The water moccasin poisons you!
Unknown command.
Casting: Stone Arrow (safe; 1% risk of failure)
Confirm with . or Enter, or press ? or * to list all spells.
Aiming: Stone Arrow (safe; 1% risk of failure)
Press: ? - help, Shift-Dir - straight line, f/p - orc
Aim: an orc, wielding a +0 dagger and wearing a +0 chain mail (heavily wounded, 81% to hit)
The stone arrow hits the water moccasin!
You kill the water moccasin!
The howler monkey howls!
* * * LOW HITPOINT WARNING * * *
You feel very sick.
You hear a croak.
The gnoll bouda barely misses you.
Unknown command.
Casting: Stone Arrow (safe; 1% risk of failure)
Confirm with . or Enter, or press ? or * to list all spells.
Aiming: Mephitic Cloud (safe; 1% risk of failure)
Press: ? - help, Shift-Dir - straight line, f/p - orc
Aim: an orc, wielding a +0 dagger and wearing a +0 chain mail (heavily wounded, chance to affect: 96%) That beam is likely to hit you.
Continue anyway?
The ball explodes into a vile cloud!
The stinking cloud engulfs the gnoll bouda but does no damage.
The stinking cloud engulfs the phantom but does no damage.
The stinking cloud engulfs the orc but does no damage.
The orc is heavily wounded.
The stinking cloud engulfs you but does no damage.
The stinking cloud engulfs the orc but does no damage.
Your attacks no longer feel as feeble.
* * * LOW HITPOINT WARNING * * *
You feel very sick. The orc closely misses you.
The gnoll bouda is engulfed in noxious fumes.
The gnoll bouda hits you with a +0 whip.
You die...

#.....# ....# ...F# #
#.o...#.....#.....# #
#.o#..#..#..#..#..# #
#oW#..#..#h.#o.#..###+#
#..#.....#.....#......#
#..#.F.^.#.....#..... #
#..####################
#..oWo§................
#.ocog@................
#..####################
#.. .....#.....#
#..#.....#.....#
#..#..#..#..#..#
#.S#..#..#..#..#
#.....#.....#... ...


You could see a phantom, a bullfrog, a centaur, a gnoll bouda and 4 orcs.

Vanquished Creatures
  Pikel (D:4)
  Sigmund (D:3)
  2 water moccasins (D:6)
  Duvessa (D:4)
  A sky beast (D:6)
  2 black bears
  An ogre (D:4)
  A centaur (D:5)
  A phantom (D:4)
  3 lemures (D:4)
  A necrophage (D:6)
  5 wights
  A scorpion (D:6)
  Dowan (D:4)
  7 hounds
  6 iguanas
  3 orc wizards (D:6)
  Natasha (thrice) (D:4)
  9 adders
  8 gnolls
  A shadow imp (D:6)
  A white imp (D:6)
  2 dart slugs
  4 orcs
  5 endoplasms
  3 giant cockroaches
  10 goblins
  9 hobgoblins
  8 jackals
  4 quokkas
  6 ball pythons
  5 bats
  2 frilled lizards
  6 kobolds
  8 rats
132 creatures vanquished.

Vanquished Creatures (others)
  5 fungi
  3 plants (D:1)
8 creatures vanquished.

Grand Total: 140 creatures vanquished

Notes
Turn   | Place    | Note
-------+----------+-------------------------------------------
     0 | D:1      | pokeman the Deep Elf Hedge Wizard began the quest for the
                  | Orb.
     0 | D:1      | Reached XP level 1. HP: 10/10 MP: 7/7
     3 | D:1      | Noticed an electric eel
     4 | D:1      | Noticed an electric eel
   286 | D:1      | Reached XP level 2. HP: 16/16 MP: 0/9
   445 | D:1      | Found a faded altar of an unknown god.
  1135 | D:2      | Reached skill level 5 in Spellcasting
  1234 | D:2      | Reached XP level 3. HP: 11/20 MP: 5/11
  1255 | D:2      | HP: 1/20 [poisoned by an adder]
  1495 | D:2      | Reached skill level 1 in Fighting
  1495 | D:2      | Reached skill level 1 in Armour
  1581 | D:2      | Identified the +9 ring mail "Exzyib" {Str+4}
  1833 | D:2      | Reached XP level 4. HP: 25/25 MP: 8/13
  2080 | D:2      | Found a snail-covered altar of Cheibriados.
  2384 | D:3      | Noticed Sigmund
  2417 | D:2      | Learned a level 3 spell: Mephitic Cloud
  2420 | D:2      | Learned a level 2 spell: Call Imp
  2423 | D:2      | Learned a level 2 spell: Blink
  2557 | D:3      | Killed Sigmund
  2558 | D:3      | Reached skill level 6 in Spellcasting
  2558 | D:3      | Reached XP level 5. HP: 30/30 MP: 10/16
  2942 | D:3      | Found a snail-covered altar of Cheibriados.
  3007 | D:3      | Found a stormy altar of Qazlal.
  3488 | D:3      | You fall into a shaft and drop 1 floor!
  3506 | D:4      | Reached XP level 6. HP: 22/35 MP: 2/17
  4181 | D:4      | Noticed Natasha
  4190 | D:4      | Killed Natasha
  4191 | D:4      | Reached skill level 7 in Spellcasting
  4398 | D:4      | Noticed Duvessa
  4398 | D:4      | Noticed Dowan
  4408 | D:4      | Killed Dowan
  4438 | D:4      | HP: 1/35 [Duvessa/+0 short sword (14)]
  4441 | D:4      | Killed Duvessa
  4442 | D:4      | Reached skill level 1 in Shields
  4697 | D:4      | Noticed Natasha
  4706 | D:4      | Killed Natasha
  4707 | D:4      | Reached XP level 7. HP: 28/40 MP: 20/20
  4888 | D:4      | Noticed Natasha
  4908 | D:4      | Killed Natasha
  5034 | D:4      | Reached skill level 8 in Spellcasting
  5201 | D:4      | Noticed Pikel
  5239 | D:4      | Killed Pikel
  5240 | D:4      | Reached skill level 9 in Spellcasting
  5240 | D:4      | Reached XP level 8. HP: 10/44 MP: 21/23
  5794 | D:5      | Entered Level 5 of the Dungeon
  5919 | D:5      | Reached skill level 5 in Conjurations
  5925 | D:5      | Reached skill level 5 in Dodging
  6357 | D:5      | Reached skill level 1 in Evocations
  6459 | D:5      | Reached skill level 10 in Spellcasting
  6459 | D:5      | Reached skill level 1 in Necromancy
  6459 | D:5      | Reached skill level 1 in Poison Magic
  6530 | D:5      | Learned a level 3 spell: Stone Arrow
  6618 | D:6      | Reached skill level 1 in Air Magic
  6664 | D:6      | Reached skill level 1 in Earth Magic
  6745 | D:6      | Found a glowing golden altar of the Shining One.
  6854 | D:6      | Reached XP level 9. HP: 40/48 MP: 16/25
  6997 | D:6      | Found an opulent altar of Gozag.
  7021 | D:6      | Reached skill level 11 in Spellcasting
  7218 | D:6      | HP: 1/49 [poisoned by a water moccasin]
  7218 | D:6      | Slain by a gnoll bouda

Illustrated notes

Levels and vault maps discovered:
D:1:      arrival_aquarium_b, layout_basic, dreamdust_ecumenical_altar_grove,
          roderic_roman_lattice, minmay_fountain_box
D:2:      layout_basic, basic_altar, minmay_joined_circles
D:3:      layout_loops_corners, mainiacjoe_overflow_paths,
          mainiacjoe_overflow_24_doors, lightli_corner_chamber, uniq_sigmund
D:4:      layout_layer_cave, uniq_natasha, uniq_pikel, uniq_duvessa
D:5:      kennysheep_big_flooded_room, layout_basic
D:6:      kennysheep_windowed_halls, layout_rooms, mainiacjoe_overflow_catwalk,
          mainiacjoe_overflow_brackets, dreamdust_gnoll_farm

Skill      XL: |  1  2  3  4  5  6  7  8  9 |
---------------+----------------------------+-----
Spellcasting   | 5 6 7 9 10 11 | 11.3
Conjurations   | 2 3 4 5 6 |  6.2
Fighting       | 1 2 |  2.6
Armour         | 1 2 |  2.0
Dodging        | 3 4 5 |  5.0
Shields        | 1 2 3 |  3.0
Stealth        | 3 |  3.0
Evocations     | 1 |  1.0
Necromancy     | 1 2 |  2.2
Poison Magic   | 1 |  1.0
Air Magic      | 1 |  1.1
Earth Magic    | 1 |  1.0
Summonings     | 2 |  2.0
Translocations | |  1.1

Action                   |  1- 3 |  4- 6 |  7- 9 || total
-------------------------+-------+-------+-------++-------
Melee: Dagger            |     8 |       |       ||     8
       Whip              |       |     4 |       ||     4
       Halberd           |       |    18 |    53 ||    71
 Cast: Magic Dart        |    88 |   104 |    66 ||   258
       Mephitic Cloud    |       |     6 |    18 ||    24
       Call Imp          |       |     4 |     2 ||     6
       Stone Arrow       |       |       |    35 ||    35
       Blink             |       |       |     2 ||     2
 Stab: Sleeping          |     1 |     2 |     1 ||     4
       Confused          |       |     3 |     4 ||     7
Armor: Robe              |    17 |     5 |    17 ||    39
Dodge: Dodged            |    37 |    30 |    59 ||   126

Table legend: (Time is in decaauts)
 A = Elapsed time spent in this place.
 B = Non-inter-level travel time spent in this place.
 C = Inter-level travel time spent in this place.
 D = Time resting spent in this place.
 E = Time spent auto-exploring this place.
 F = Levels seen in this place.
 G = Mean time per level.
                   A        B        C        D        E       F      G
               +--------+--------+--------+--------+--------+-----+--------+
         Total |   7253 |   7093 |    160 |    235 |   5859 |   6 | 1208.8 |
       Dungeon |   7253 |   7093 |    160 |    235 |   5859 |   6 | 1208.8 |
               +--------+--------+--------+--------+--------+-----+--------+

Top non-repeatable levels by time:
     D:4: 2008 daAuts
     D:3: 1342 daAuts
     D:2: 1320 daAuts
     D:1: 1150 daAuts
     D:5: 823 daAuts
     D:6: 608 daAuts
